Sharks vs Nordiques
Created - 12 avril 2013 at 19:01
Goals
|
| Sharks |
2 |
2 |
0 |
4 |
| Nordiques |
2 |
0 |
0 |
2 |
|
Shots
|
| Sharks |
11 |
11 |
4 |
26 |
| Nordiques |
16 |
16 |
5 |
37 |
|
1st period
1. Nordiques , Saku Koivu 33 (Dany Heatley, Stephen Weiss) at 2:00
2. Sharks , Daniel Sedin 36 (Pavol Demitra, Filip Kuba) at 10:08
3. Sharks , Daniel Sedin 37 (Johnny Oduya, Jean-Sébastien Giguère) at 11:35
4. Nordiques , Saku Koivu 34 (Dany Heatley) at 11:41
Penalties :
Cory Sarich (Que) for Roughing (Minor) at 9:58, Mikko Koivu (SJS) for Holding (Minor) at 9:58, Pavol Demitra (SJS) for Hooking (Minor) at 12:08, Mike Johnson (SJS) for High sticking (Minor) at 16:18, Karel Pilar (Que) for Interference (Minor) at 19:48
2nd period
5. Sharks , Johnny Oduya 6 (Mikko Koivu, Pavol Demitra) at 10:55 (PP)
6. Sharks , Andrei Markov 7 (Pavol Demitra, Mikko Koivu) at 17:13 (PP)
Penalties :
Valeri Bure (Que) for Tripping (Minor) at 7:55, Dany Heatley (Que) for Slashing (Minor) at 9:58, Dany Heatley (Que) for Roughing (Minor) at 16:43
3rd period
No Goal
Penalties :
Stephen Weiss (Que) for Holding (Minor) at 0:27, Joni Pitkanen (SJS) for Hooking (Minor) at 0:27, Mike Fisher (SJS) for Roughing (Minor) at 3:49, Cory Sarich (Que) for Tripping (Minor) at 10:28
Goalie Stats
Jean-Sébastien Giguère (SJS), 35 saves from 37 shots - (0,946), W, 27-25-5, 60:00 minutes
Roberto Luongo (Que), 22 saves from 26 shots - (0,846), L, 31-24-5, 60:00 minutes
Players Stats for Sharks
Player Name G A P +/- PIM S H SB GA TA FO MP PP MP PK MP
------------------------------------------------------------------------------------
Adam Mair 0 0 0 0 0 1 1 0 0 0 2/4 11:14 0:14 0:47
Alexander Frolov 0 0 0 -1 0 1 3 0 1 1 1/2 17:06 3:04 1:25
Andrei Markov 1 0 1 -1 0 3 3 3 0 1 0/0 28:50 4:34 3:49
Bates Battaglia 0 0 0 0 0 0 2 1 0 0 0/2 11:33 0:00 1:21
Bobby Ryan 0 0 0 1 0 1 0 0 1 0 0/0 10:46 0:14 0:00
Daniel Sedin 2 0 2 0 0 4 1 0 2 1 8/15 23:53 4:06 3:21
David Hale 0 0 0 0 0 0 0 0 0 0 0/0 11:35 0:00 0:00
Filip Kuba 0 1 1 -1 0 2 1 0 1 2 0/0 28:50 4:34 3:49
Georges Laraque 0 0 0 0 0 1 1 0 0 0 0/2 17:23 3:04 1:20
Johnny Oduya 1 1 2 1 0 2 0 1 1 1 0/0 19:35 2:50 2:08
Joni Pitkanen 0 0 0 1 2 2 0 1 0 0 0/0 18:51 2:50 2:08
Mike Fisher 0 0 0 -1 2 3 1 0 0 0 9/13 15:15 3:04 0:00
Mike Johnson 0 0 0 0 2 0 0 0 0 0 0/0 7:14 0:14 0:00
Mikko Koivu 0 2 2 0 2 0 1 0 1 1 12/23 19:34 4:06 1:20
Pavol Demitra 0 3 3 0 2 4 2 1 0 0 1/3 22:51 4:06 2:20
Sami Salo 0 0 0 0 0 0 1 0 0 0 0/0 12:18 0:00 0:00
Shean Donovan 0 0 0 0 0 1 1 0 0 0 1/1 6:36 0:00 0:00
Tomas Fleischmann 0 0 0 0 0 1 0 0 0 0 0/0 6:36 0:00 0:00
Players Stats for Nordiques
Player Name G A P +/- PIM S H SB GA TA FO MP PP MP PK MP
------------------------------------------------------------------------------------
Alexei Ponikarovsky 0 0 0 0 0 1 2 0 0 2 0/0 7:18 0:00 0:56
Brian Gionta 0 0 0 0 0 1 0 0 0 0 1/1 13:59 2:23 0:00
Chris Phillips 0 0 0 0 0 2 1 1 0 2 0/0 27:37 2:42 4:11
Cory Sarich 0 0 0 0 4 5 2 0 2 0 0/0 20:09 3:15 2:08
Dany Heatley 0 2 2 0 4 6 2 2 1 1 8/16 22:21 3:33 3:14
Dave Scatchard 0 0 0 0 0 1 1 0 2 0 1/2 6:55 0:00 0:33
Ian Moran 0 0 0 0 0 0 0 0 0 1 0/0 11:36 0:00 0:03
Karel Pilar 0 0 0 0 2 0 0 1 0 0 0/0 20:41 3:15 2:31
Kris Vernarsky 0 0 0 0 0 0 1 0 0 0 3/8 12:05 0:01 0:00
Lubomir Visnovsky 0 0 0 0 0 5 0 0 0 1 0/0 27:37 2:42 4:03
Matt Pettinger 0 0 0 0 0 0 1 0 0 0 1/1 12:05 0:01 0:00
Mattias Weinhandl 0 0 0 0 0 0 0 0 1 0 0/0 6:48 0:01 0:00
Mike Cammalleri 0 0 0 0 0 2 2 0 1 0 0/1 16:47 2:23 1:47
Nick Schultz 0 0 0 0 0 0 1 1 0 0 0/0 12:54 0:00 1:52
Rene Bourque 0 0 0 1 0 1 3 1 0 0 0/1 18:27 3:33 1:47
Saku Koivu 2 0 2 0 0 6 2 3 0 0 11/23 23:31 3:33 4:41
Stephen Weiss 0 1 1 0 2 2 1 0 0 0 4/8 14:14 2:23 0:00
Valeri Bure 0 0 0 0 2 5 1 0 0 0 2/4 13:27 0:00 1:50
3 Stars
1 - Saku Koivu (Que)
2 - Daniel Sedin (SJS)
3 - Johnny Oduya (SJS)
Power Play
Sharks - 2 on 5 Attempt(s) - 40,00%
Nordiques - 0 on 3 Attempt(s) - 0,00%
Penalty Kill
Sharks - 3 on 3 Attempt(s) - 100,00%
- Score 0 goal in Penalty Kill
Nordiques - 3 on 5 Attempt(s) - 60,00%
- Score 0 goal in Penalty Kill
Official
Referees : Auger Stephane and L'Ecuyer Frederick
Linesman : Pierre Racicot and Jay Sharrers
Game Notes
No Game Note
Finance
Level 1 -- Attendance: 3870 (64,50%) -- Ticket Income 387 000 $
Level 2 -- Attendance: 3504 (70,08%) -- Ticket Income 210 240 $
Level 3 -- Attendance: 1435 (71,75%) -- Ticket Income 50 225 $
Level 4 -- Attendance: 3008 (75,20%) -- Ticket Income 60 160 $
Luxury Box -- Attendance: 725 (72,50%) -- Ticket Income 145 000 $
Game was played at the Colisé Pepsi
Total Attendance: 12542 (69,68%)
Total Ticket Income: 852 625 $
Total Income: 852 625 $
Sharks
5 vs 5 Forward
Center Left Wing Right Wing Time % Phy DF OF
1 Mikko Koivu Daniel Sedin Pavol Demitra 40 1 2 2
2 Mike Fisher Alexander Frolov Georges Laraque 30 1 2 2
3 Adam Mair Bates Battaglia Bobby Ryan 20 1 2 2
4 Shean Donovan Tomas Fleischmann Mike Johnson 10 1 2 2
5 vs 5 Defense
Defense Defense Time % Phy DF OF
1 Filip Kuba Andrei Markov 40 1 2 2
2 Joni Pitkanen Johnny Oduya 30 1 2 2
3 Sami Salo David Hale 20 1 2 2
4 Filip Kuba Andrei Markov 10 1 2 2
PowerPlay Forward
Center Left Wing Right Wing Time % Phy DF OF
1 Mikko Koivu Daniel Sedin Pavol Demitra 60 1 2 2
2 Mike Fisher Alexander Frolov Georges Laraque 40 1 2 2
PowerPlay Defense
Defense Defense Time % Phy DF OF
1 Filip Kuba Andrei Markov 60 1 2 2
2 Joni Pitkanen Johnny Oduya 40 1 2 2
Penalty Kill 4 Players Forward
Center Wing Time % Phy DF OF
1 Daniel Sedin Pavol Demitra 60 1 2 2
2 Georges Laraque Mikko Koivu 40 1 2 2
Penalty Kill 4 Players Defense
Defense Defense Time % Phy DF OF
1 Filip Kuba Andrei Markov 60 1 2 2
2 Joni Pitkanen Johnny Oduya 40 1 2 2
Penalty Kill - 3 Players Forward
Forward Time % Phy DF OF
1 Daniel Sedin 60 1 2 2
2 Pavol Demitra 40 1 2 2
Penalty Kill - 3 Players Defense
Defense Defense Time % Phy DF OF
1 Filip Kuba Andrei Markov 60 1 2 2
2 Joni Pitkanen Johnny Oduya 40 1 2 2
4 vs 4 Forward
Center Wing Time % Phy DF OF
1 Daniel Sedin Pavol Demitra 60 1 2 2
2 Georges Laraque Mikko Koivu 40 1 2 2
4 vs 4 Defense
Defense Defense Time % Phy DF OF
1 Filip Kuba Andrei Markov 60 1 2 2
2 Joni Pitkanen Johnny Oduya 40 1 2 2
Last Minutes Offensive
Center Left Wing Right Wing Defense Defense
Mikko Koivu Daniel Sedin Pavol Demitra Filip Kuba Andrei Markov
Last Minutes Defensive
Center Left Wing Right Wing Defense Defense
Mikko Koivu Daniel Sedin Pavol Demitra Filip Kuba Andrei Markov
Goaltenders
Starting : Jean-Sébastien Giguère
Backup : Martin Biron
Extra Forwards
Normal : Bobby Ryan, Adam Mair, Bates Battaglia - PP : Bobby Ryan, Adam Mair - PK : Bates Battaglia
Extra Defensemen
Normal : Sami Salo, David Hale, Joni Pitkanen - PP : Sami Salo - PK : David Hale, Joni Pitkanen
Penalty Shots
Daniel Sedin, Pavol Demitra, Georges Laraque, Mikko Koivu, Alexander Frolov
Nordiques
5 vs 5 Forward
Center Left Wing Right Wing Time % Phy DF OF
1 Saku Koivu Dany Heatley Rene Bourque 40 1 2 2
2 Stephen Weiss Mike Cammalleri Brian Gionta 30 1 2 2
3 Kris Vernarsky Matt Pettinger Valeri Bure 20 1 2 2
4 Dave Scatchard Alexei Ponikarovsky Mattias Weinhandl 10 1 2 2
5 vs 5 Defense
Defense Defense Time % Phy DF OF
1 Chris Phillips Lubomir Visnovsky 40 1 2 2
2 Karel Pilar Cory Sarich 30 1 2 2
3 Ian Moran Nick Schultz 20 1 2 2
4 Chris Phillips Lubomir Visnovsky 10 1 2 2
PowerPlay Forward
Center Left Wing Right Wing Time % Phy DF OF
1 Saku Koivu Dany Heatley Rene Bourque 60 1 2 2
2 Stephen Weiss Mike Cammalleri Brian Gionta 40 1 2 2
PowerPlay Defense
Defense Defense Time % Phy DF OF
1 Chris Phillips Lubomir Visnovsky 60 1 2 2
2 Karel Pilar Cory Sarich 40 1 2 2
Penalty Kill 4 Players Forward
Center Wing Time % Phy DF OF
1 Dany Heatley Saku Koivu 60 1 2 2
2 Mike Cammalleri Rene Bourque 40 1 2 2
Penalty Kill 4 Players Defense
Defense Defense Time % Phy DF OF
1 Chris Phillips Lubomir Visnovsky 60 1 2 2
2 Karel Pilar Cory Sarich 40 1 2 2
Penalty Kill - 3 Players Forward
Forward Time % Phy DF OF
1 Dany Heatley 60 1 2 2
2 Saku Koivu 40 1 2 2
Penalty Kill - 3 Players Defense
Defense Defense Time % Phy DF OF
1 Chris Phillips Lubomir Visnovsky 60 1 2 2
2 Karel Pilar Cory Sarich 40 1 2 2
4 vs 4 Forward
Center Wing Time % Phy DF OF
1 Dany Heatley Saku Koivu 60 1 2 2
2 Mike Cammalleri Rene Bourque 40 1 2 2
4 vs 4 Defense
Defense Defense Time % Phy DF OF
1 Chris Phillips Lubomir Visnovsky 60 1 2 2
2 Karel Pilar Cory Sarich 40 1 2 2
Last Minutes Offensive
Center Left Wing Right Wing Defense Defense
Saku Koivu Dany Heatley Rene Bourque Chris Phillips Lubomir Visnovsky
Last Minutes Defensive
Center Left Wing Right Wing Defense Defense
Saku Koivu Dany Heatley Rene Bourque Chris Phillips Lubomir Visnovsky
Goaltenders
Starting : Roberto Luongo
Backup : John Grahame
Extra Forwards
Normal : Matt Pettinger, Kris Vernarsky, Valeri Bure - PP : Matt Pettinger, Kris Vernarsky - PK : Valeri Bure
Extra Defensemen
Normal : Ian Moran, Nick Schultz, Karel Pilar - PP : Ian Moran - PK : Nick Schultz, Karel Pilar
Penalty Shots
Dany Heatley, Saku Koivu, Mike Cammalleri, Rene Bourque, Stephen Weiss
% Time on Ice - Sharks
Lines # - Real PCT - Wanted PCT - Time Play
Normal Forward
1 - 33% - 40% - 14:06
2 - 29% - 30% - 12:28
3 - 22% - 20% - 9:31
4 - 15% - 10% - 6:36
Normal Defense
1 - 40% - 40% - 16:53
2 - 32% - 30% - 13:33
3 - 27% - 20% - 11:35
4 - 2% - 10% - 0:40
PP Forward
1 - 59% - 60% - 4:20
2 - 41% - 40% - 3:04
PP Defense
1 - 62% - 60% - 4:34
2 - 38% - 40% - 2:50
PK Forward
1 - 78% - 60% - 4:37
2 - 22% - 40% - 1:20
PK Defense
1 - 64% - 60% - 3:49
2 - 36% - 40% - 2:08
PK3 Forward
1 - 0% - 60%
2 - 0% - 40%
PK3 Defense
1 - 0% - 60%
2 - 0% - 40%
44 Forward
1 - 80% - 60% - 3:11
2 - 20% - 40% - 0:47
44 Defense
1 - 73% - 60% - 2:54
2 - 27% - 40% - 1:04
Last Minute Offensive - 0:00
Last Minute Defensive - 0:00
Total
Forward - 60:00
Defense - 60:00
|
% Time on Ice - Nordiques
Lines # - Real PCT - Wanted PCT - Time Play
Normal Forward
1 - 31% - 40% - 13:13
2 - 29% - 30% - 12:14
3 - 25% - 20% - 10:52
4 - 15% - 10% - 6:22
Normal Defense
1 - 41% - 40% - 17:29
2 - 32% - 30% - 13:44
3 - 26% - 20% - 11:02
4 - 1% - 10% - 0:26
PP Forward
1 - 60% - 60% - 3:34
2 - 40% - 40% - 2:23
PP Defense
1 - 45% - 60% - 2:42
2 - 55% - 40% - 3:15
PK Forward
1 - 76% - 60% - 5:37
2 - 24% - 40% - 1:47
PK Defense
1 - 54% - 60% - 4:00
2 - 46% - 40% - 3:24
PK3 Forward
1 - 0% - 60%
2 - 0% - 40%
PK3 Defense
1 - 0% - 60%
2 - 0% - 40%
44 Forward
1 - 79% - 60% - 3:08
2 - 21% - 40% - 0:50
44 Defense
1 - 71% - 60% - 2:49
2 - 29% - 40% - 1:09
Last Minute Offensive - 0:00
Last Minute Defensive - 0:00
Total
Forward - 60:00
Defense - 60:00
|
Play by Play
1st period
0:01 of 1st period - Saku Koivu wins face-off versus Pavol Demitra in neutral zone.
0:34 of 1st period - Wrist shot by Mike Fisher.
0:34 of 1st period - Deflect By Mike Cammalleri.
0:34 of 1st period - Stopped by Roberto Luongo with a rebound.
1:16 of 1st period - Snap shot by Daniel Sedin.
1:16 of 1st period - Stopped by Roberto Luongo with a rebound.
1:54 of 1st period - Snap shot by Dany Heatley.
1:54 of 1st period - Shot Misses the Net.
1:56 of 1st period - Snap shot by Dany Heatley.
1:56 of 1st period - Shot Blocked by Andrei Markov.
1:58 of 1st period - Slapshot by Dany Heatley.
1:58 of 1st period - Stopped by Jean-Sébastien Giguère with a rebound.
2:00 of 1st period - Wrist shot by Saku Koivu.
2:00 of 1st period - Goal by Saku Koivu - Sharks : 0 - Nordiques : 1.
2:01 of 1st period - Mikko Koivu wins face-off versus Kris Vernarsky in neutral zone.
2:26 of 1st period - Rene Bourque is hit by Alexander Frolov.
2:47 of 1st period - Bobby Ryan is hit by Alexei Ponikarovsky and loses puck.
3:27 of 1st period - Shean Donovan is hit by Rene Bourque and loses puck.
4:10 of 1st period - Snap shot by Bobby Ryan.
4:10 of 1st period - Stopped by Roberto Luongo without a rebound.
4:11 of 1st period - Saku Koivu wins face-off versus Mikko Koivu in Nordiques zone.
4:44 of 1st period - Mike Fisher is hit by Valeri Bure and loses puck.
5:32 of 1st period - Snap shot by Mikko Koivu.
5:32 of 1st period - Shot Blocked by Nick Schultz.
5:55 of 1st period - Snap shot by Dave Scatchard.
5:55 of 1st period - Stopped by Jean-Sébastien Giguère without a rebound.
5:56 of 1st period - Mike Fisher wins face-off versus Saku Koivu in Sharks zone.
5:56 of 1st period - Mike Fisher is hit by Rene Bourque.
6:34 of 1st period - Snap shot by Adam Mair.
6:34 of 1st period - Stopped by Roberto Luongo without a rebound.
6:35 of 1st period - Mikko Koivu wins face-off versus Saku Koivu in Nordiques zone.
7:22 of 1st period - Snap shot by Stephen Weiss.
7:22 of 1st period - Shot Blocked by Bates Battaglia.
7:24 of 1st period - Slapshot by Cory Sarich.
7:24 of 1st period - Stopped by Jean-Sébastien Giguère without a rebound.
7:25 of 1st period - Saku Koivu wins face-off versus Bates Battaglia in Sharks zone.
7:34 of 1st period - Snap shot by Dany Heatley.
7:34 of 1st period - Shot Misses the Net.
7:42 of 1st period - Rene Bourque is hit by Adam Mair and loses puck.
7:54 of 1st period - Icing by Joni Pitkanen.
7:55 of 1st period - Mikko Koivu wins face-off versus Kris Vernarsky in Sharks zone.
8:26 of 1st period - Snap shot by Mike Fisher.
8:26 of 1st period - Shot Misses the Net.
8:28 of 1st period - Wrist shot by Mike Fisher.
8:28 of 1st period - Stopped by Roberto Luongo with a rebound.
8:30 of 1st period - Slapshot by David Hale.
8:30 of 1st period - Shot Misses the Net.
8:44 of 1st period - Snap shot by Dany Heatley.
8:44 of 1st period - Shot Misses the Net.
9:12 of 1st period - Slapshot by Stephen Weiss.
9:12 of 1st period - Stopped by Jean-Sébastien Giguère without a rebound.
9:13 of 1st period - Saku Koivu wins face-off versus Mikko Koivu in Sharks zone.
9:24 of 1st period - Snap shot by Dany Heatley.
9:24 of 1st period - Shot Blocked by Joni Pitkanen.
9:26 of 1st period - Slapshot by Cory Sarich.
9:26 of 1st period - Shot Misses the Net.
9:28 of 1st period - Slapshot by Cory Sarich.
9:28 of 1st period - Stopped by Jean-Sébastien Giguère without a rebound.
9:29 of 1st period - Mike Fisher wins face-off versus Stephen Weiss in Sharks zone.
9:58 of 1st period - Minor Penalty to Cory Sarich for Roughing.
9:58 of 1st period - Minor Penalty to Mikko Koivu for Holding.
9:59 of 1st period - Daniel Sedin wins face-off versus Dany Heatley in Nordiques zone.
10:08 of 1st period - Snap shot by Daniel Sedin.
10:08 of 1st period - Goal by Daniel Sedin - Sharks : 1 - Nordiques : 1.
10:09 of 1st period - Daniel Sedin wins face-off versus Dany Heatley in neutral zone.
10:14 of 1st period - Slapshot by Filip Kuba.
10:14 of 1st period - Shot Blocked by Dany Heatley.
10:16 of 1st period - Snap shot by Pavol Demitra.
10:16 of 1st period - Shot Misses the Net.
10:18 of 1st period - Slapshot by Filip Kuba.
10:18 of 1st period - Stopped by Roberto Luongo without a rebound.
10:19 of 1st period - Daniel Sedin wins face-off versus Dany Heatley in Nordiques zone.
10:32 of 1st period - Snap shot by Daniel Sedin.
10:32 of 1st period - Stopped by Roberto Luongo without a rebound.
10:33 of 1st period - Daniel Sedin wins face-off versus Dany Heatley in Nordiques zone.
11:00 of 1st period - Lubomir Visnovsky is hit by Georges Laraque and loses puck.
11:35 of 1st period - Snap shot by Daniel Sedin.
11:35 of 1st period - Goal by Daniel Sedin - Sharks : 2 - Nordiques : 1.
11:36 of 1st period - Dany Heatley wins face-off versus Daniel Sedin in neutral zone.
11:41 of 1st period - Snap shot by Saku Koivu.
11:41 of 1st period - Goal by Saku Koivu - Sharks : 2 - Nordiques : 2.
11:42 of 1st period - Dany Heatley wins face-off versus Daniel Sedin in neutral zone.
11:47 of 1st period - Wrist shot by Dany Heatley.
11:47 of 1st period - Stopped by Jean-Sébastien Giguère with a rebound.
11:49 of 1st period - Snap shot by Chris Phillips.
11:49 of 1st period - Shot Blocked by Pavol Demitra.
11:51 of 1st period - Backhand shot by Dany Heatley.
11:51 of 1st period - Stopped by Jean-Sébastien Giguère without a rebound.
11:52 of 1st period - Dany Heatley wins face-off versus Daniel Sedin in Sharks zone.
11:57 of 1st period - Slapshot by Dany Heatley.
11:57 of 1st period - Shot Misses the Net.
11:58 of 1st period - Penalty to Cory Sarich is over, Cory Sarich is back on ice.
11:58 of 1st period - Penalty to Mikko Koivu is over, Mikko Koivu is back on ice.
11:59 of 1st period - Slapshot by Saku Koivu.
11:59 of 1st period - Stopped by Jean-Sébastien Giguère with a rebound.
12:01 of 1st period - Slapshot by Lubomir Visnovsky.
12:01 of 1st period - Stopped by Jean-Sébastien Giguère without a rebound.
12:02 of 1st period - Saku Koivu wins face-off versus Mikko Koivu in Sharks zone.
12:08 of 1st period - Minor Penalty to Pavol Demitra for Hooking.
12:09 of 1st period - Daniel Sedin wins face-off versus Saku Koivu in Sharks zone.
14:08 of 1st period - Penalty to Pavol Demitra is over, Pavol Demitra is back on ice.
16:18 of 1st period - Minor Penalty to Mike Johnson for High sticking.
16:19 of 1st period - Saku Koivu wins face-off versus Daniel Sedin in Sharks zone.
16:28 of 1st period - Wrist shot by Dany Heatley.
16:28 of 1st period - Deflect By Saku Koivu.
16:28 of 1st period - Shot Misses the Net.
16:28 of 1st period - Puck is out of play.
16:29 of 1st period - Daniel Sedin wins face-off versus Saku Koivu in Sharks zone.
16:50 of 1st period - Slapshot by Dany Heatley.
16:50 of 1st period - Stopped by Jean-Sébastien Giguère with a rebound.
17:00 of 1st period - Wrist shot by Dany Heatley.
17:00 of 1st period - Stopped by Jean-Sébastien Giguère with a rebound.
17:02 of 1st period - Wrist shot by Rene Bourque.
17:02 of 1st period - Stopped by Jean-Sébastien Giguère without a rebound.
17:03 of 1st period - Stephen Weiss wins face-off versus Georges Laraque in Sharks zone.
17:49 of 1st period - Georges Laraque is hit by Dany Heatley and loses puck.
18:18 of 1st period - Penalty to Mike Johnson is over, Mike Johnson is back on ice.
18:42 of 1st period - Slapshot by Joni Pitkanen.
18:42 of 1st period - Deflect By Chris Phillips.
18:42 of 1st period - Stopped by Roberto Luongo without a rebound.
18:43 of 1st period - Kris Vernarsky wins face-off versus Mike Fisher in Nordiques zone.
19:08 of 1st period - Mikko Koivu is hit by Chris Phillips and loses puck.
19:21 of 1st period - Wrist shot by Tomas Fleischmann.
19:21 of 1st period - Deflect By Chris Phillips.
19:21 of 1st period - Shot Misses the Net.
19:21 of 1st period - Puck is out of play.
19:22 of 1st period - Shean Donovan wins face-off versus Dave Scatchard in Nordiques zone.
19:27 of 1st period - Slapshot by Johnny Oduya.
19:27 of 1st period - Stopped by Roberto Luongo without a rebound.
19:28 of 1st period - Dave Scatchard wins face-off versus Mikko Koivu in Nordiques zone.
19:33 of 1st period - Slapshot by Cory Sarich.
19:33 of 1st period - Stopped by Jean-Sébastien Giguère with a rebound.
19:35 of 1st period - Wrist shot by Alexei Ponikarovsky.
19:35 of 1st period - Shot Misses the Net.
19:37 of 1st period - Wrist shot by Alexei Ponikarovsky.
19:37 of 1st period - Stopped by Jean-Sébastien Giguère without a rebound.
19:38 of 1st period - Mikko Koivu wins face-off versus Saku Koivu in Sharks zone.
19:48 of 1st period - Minor Penalty to Karel Pilar for Interference.
19:49 of 1st period - Pavol Demitra wins face-off versus Dany Heatley in Nordiques zone.
2nd period
0:01 of 2nd period - Dany Heatley wins face-off versus Pavol Demitra in neutral zone.
0:01 of 2nd period - Dany Heatley is hit by Andrei Markov.
0:27 of 2nd period - Dany Heatley is hit by Alexander Frolov and loses puck.
1:10 of 2nd period - Slapshot by Cory Sarich.
1:10 of 2nd period - Shot Misses the Net.
1:18 of 2nd period - Snap shot by Valeri Bure.
1:18 of 2nd period - Stopped by Jean-Sébastien Giguère without a rebound.
1:19 of 2nd period - Mike Fisher wins face-off versus Dany Heatley in Sharks zone.
1:32 of 2nd period - Chris Phillips is hit by Filip Kuba and loses puck.
1:48 of 2nd period - Penalty to Karel Pilar is over, Karel Pilar is back on ice.
1:49 of 2nd period - Lubomir Visnovsky is hit by Pavol Demitra and loses puck.
1:58 of 2nd period - Snap shot by Rene Bourque.
1:58 of 2nd period - Deflect By Karel Pilar.
1:58 of 2nd period - Shot Blocked by Johnny Oduya.
1:58 of 2nd period - Puck is out of play.
1:59 of 2nd period - Kris Vernarsky wins face-off versus Adam Mair in Sharks zone.
2:00 of 2nd period - Snap shot by Valeri Bure.
2:00 of 2nd period - Stopped by Jean-Sébastien Giguère without a rebound.
2:01 of 2nd period - Matt Pettinger wins face-off versus Bates Battaglia in Sharks zone.
2:17 of 2nd period - Slapshot by Matt Pettinger.
2:17 of 2nd period - Shot Misses the Net.
3:11 of 2nd period - Alexei Ponikarovsky is hit by Shean Donovan and loses puck.
3:18 of 2nd period - Snap shot by Tomas Fleischmann.
3:18 of 2nd period - Stopped by Roberto Luongo without a rebound.
3:19 of 2nd period - Saku Koivu wins face-off versus Mikko Koivu in Nordiques zone.
3:19 of 2nd period - Saku Koivu is hit by Daniel Sedin.
4:01 of 2nd period - Chris Phillips is hit by Alexander Frolov and loses puck.
4:19 of 2nd period - Slapshot by Valeri Bure.
4:19 of 2nd period - Stopped by Jean-Sébastien Giguère with a rebound.
4:39 of 2nd period - Slapshot by Pavol Demitra.
4:39 of 2nd period - Stopped by Roberto Luongo with a rebound.
4:41 of 2nd period - Slapshot by Filip Kuba.
4:41 of 2nd period - Shot Misses the Net.
4:43 of 2nd period - Slapshot by Filip Kuba.
4:43 of 2nd period - Shot Misses the Net.
4:45 of 2nd period - Slapshot by Andrei Markov.
4:45 of 2nd period - Deflect By Mikko Koivu.
4:45 of 2nd period - Shot Misses the Net.
4:45 of 2nd period - Puck is out of play.
4:46 of 2nd period - Mike Fisher wins face-off versus Rene Bourque in Nordiques zone.
5:01 of 2nd period - Snap shot by Alexander Frolov.
5:01 of 2nd period - Shot Misses the Net.
5:39 of 2nd period - Wrist shot by Kris Vernarsky.
5:39 of 2nd period - Deflect By Valeri Bure.
5:39 of 2nd period - Stopped by Jean-Sébastien Giguère without a rebound.
5:40 of 2nd period - Adam Mair wins face-off versus Kris Vernarsky in Sharks zone.
5:45 of 2nd period - Slapshot by Andrei Markov.
5:45 of 2nd period - Stopped by Roberto Luongo with a rebound.
5:51 of 2nd period - Snap shot by Kris Vernarsky.
5:51 of 2nd period - Shot Misses the Net.
5:53 of 2nd period - Slapshot by Lubomir Visnovsky.
5:53 of 2nd period - Deflect By Filip Kuba.
5:53 of 2nd period - Stopped by Jean-Sébastien Giguère with a rebound.
5:55 of 2nd period - Slapshot by Valeri Bure.
5:55 of 2nd period - Shot Misses the Net.
6:38 of 2nd period - Slapshot by Filip Kuba.
6:38 of 2nd period - Stopped by Roberto Luongo with a rebound.
7:44 of 2nd period - Snap shot by Pavol Demitra.
7:44 of 2nd period - Stopped by Roberto Luongo with a rebound.
7:46 of 2nd period - Wrist shot by Daniel Sedin.
7:46 of 2nd period - Shot Misses the Net.
7:55 of 2nd period - Minor Penalty to Valeri Bure for Tripping.
7:56 of 2nd period - Dany Heatley wins face-off versus Daniel Sedin in Nordiques zone.
9:28 of 2nd period - Snap shot by Mike Cammalleri.
9:28 of 2nd period - Stopped by Jean-Sébastien Giguère without a rebound.
9:29 of 2nd period - Mike Fisher wins face-off versus Mike Cammalleri in Sharks zone.
9:44 of 2nd period - Slapshot by Lubomir Visnovsky.
9:44 of 2nd period - Stopped by Jean-Sébastien Giguère without a rebound.
9:45 of 2nd period - Dany Heatley wins face-off versus Mikko Koivu in Sharks zone.
9:52 of 2nd period - Snap shot by Saku Koivu.
9:52 of 2nd period - Deflect By Mikko Koivu.
9:52 of 2nd period - Stopped by Jean-Sébastien Giguère with a rebound.
9:54 of 2nd period - Slapshot by Saku Koivu.
9:54 of 2nd period - Deflect By Daniel Sedin.
9:54 of 2nd period - Shot Misses the Net.
9:54 of 2nd period - Puck is out of play.
9:55 of 2nd period - Penalty to Valeri Bure is over, Valeri Bure is back on ice.
9:55 of 2nd period - Mike Fisher wins face-off versus Saku Koivu in Sharks zone.
9:55 of 2nd period - Mike Fisher is hit by Saku Koivu.
9:58 of 2nd period - Minor Penalty to Dany Heatley for Slashing.
9:59 of 2nd period - Valeri Bure wins face-off versus Mikko Koivu in Nordiques zone.
10:04 of 2nd period - Slapshot by Chris Phillips.
10:04 of 2nd period - Stopped by Jean-Sébastien Giguère without a rebound.
10:05 of 2nd period - Mikko Koivu wins face-off versus Valeri Bure in Sharks zone.
10:20 of 2nd period - Slapshot by Valeri Bure.
10:20 of 2nd period - Shot Misses the Net.
10:35 of 2nd period - Off-side.
10:36 of 2nd period - Valeri Bure wins face-off versus Georges Laraque in neutral zone.
10:39 of 2nd period - Backhand shot by Cory Sarich.
10:39 of 2nd period - Stopped by Jean-Sébastien Giguère with a rebound.
10:53 of 2nd period - Wrist shot by Mikko Koivu.
10:53 of 2nd period - Shot Blocked by Saku Koivu.
10:55 of 2nd period - Snap shot by Johnny Oduya.
10:55 of 2nd period - Deflect By Cory Sarich.
10:55 of 2nd period - Goal by Johnny Oduya - Sharks : 3 - Nordiques : 2.
10:56 of 2nd period - Stephen Weiss wins face-off versus Mikko Koivu in neutral zone.
10:59 of 2nd period - Slapshot by Lubomir Visnovsky.
10:59 of 2nd period - Deflect By Mikko Koivu.
10:59 of 2nd period - Stopped by Jean-Sébastien Giguère without a rebound.
11:00 of 2nd period - Mikko Koivu wins face-off versus Stephen Weiss in Sharks zone.
11:29 of 2nd period - Slapshot by Saku Koivu.
11:29 of 2nd period - Shot Blocked by Andrei Markov.
13:28 of 2nd period - David Hale is hit by Alexei Ponikarovsky and loses puck.
13:53 of 2nd period - Mikko Koivu is hit by Saku Koivu and loses puck.
14:02 of 2nd period - Andrei Markov is hit by Dany Heatley and loses puck.
14:15 of 2nd period - Snap shot by Mike Fisher.
14:15 of 2nd period - Stopped by Roberto Luongo without a rebound.
14:16 of 2nd period - Stephen Weiss wins face-off versus Mike Fisher in Nordiques zone.
14:21 of 2nd period - Wrist shot by Karel Pilar.
14:21 of 2nd period - Shot Misses the Net.
14:48 of 2nd period - Snap shot by Daniel Sedin.
14:48 of 2nd period - Shot Misses the Net.
15:41 of 2nd period - Slapshot by Lubomir Visnovsky.
15:41 of 2nd period - Stopped by Jean-Sébastien Giguère with a rebound.
15:43 of 2nd period - Snap shot by Stephen Weiss.
15:43 of 2nd period - Stopped by Jean-Sébastien Giguère with a rebound.
15:45 of 2nd period - Snap shot by Mike Cammalleri.
15:45 of 2nd period - Stopped by Jean-Sébastien Giguère with a rebound.
15:47 of 2nd period - Snap shot by Brian Gionta.
15:47 of 2nd period - Stopped by Jean-Sébastien Giguère without a rebound.
15:48 of 2nd period - Dany Heatley wins face-off versus Mikko Koivu in Sharks zone.
15:55 of 2nd period - Snap shot by Saku Koivu.
15:55 of 2nd period - Stopped by Jean-Sébastien Giguère with a rebound.
16:13 of 2nd period - Mikko Koivu is hit by Dave Scatchard and loses puck.
16:24 of 2nd period - Wrist shot by Daniel Sedin.
16:24 of 2nd period - Deflect By Mikko Koivu.
16:24 of 2nd period - Shot Misses the Net.
16:24 of 2nd period - Puck is out of play.
16:25 of 2nd period - Mike Fisher wins face-off versus Saku Koivu in Nordiques zone.
16:34 of 2nd period - Wrist shot by Georges Laraque.
16:34 of 2nd period - Stopped by Roberto Luongo without a rebound.
16:35 of 2nd period - Saku Koivu wins face-off versus Mike Fisher in Nordiques zone.
16:43 of 2nd period - Minor Penalty to Dany Heatley for Roughing.
16:44 of 2nd period - Mikko Koivu wins face-off versus Saku Koivu in Nordiques zone.
16:53 of 2nd period - Slapshot by Pavol Demitra.
16:53 of 2nd period - Stopped by Roberto Luongo with a rebound.
16:55 of 2nd period - Snap shot by Mikko Koivu.
16:55 of 2nd period - Shot Blocked by Saku Koivu.
16:57 of 2nd period - Wrist shot by Pavol Demitra.
16:57 of 2nd period - Stopped by Roberto Luongo without a rebound.
16:58 of 2nd period - Mikko Koivu wins face-off versus Valeri Bure in Nordiques zone.
17:11 of 2nd period - Slapshot by Pavol Demitra.
17:11 of 2nd period - Shot Misses the Net.
17:13 of 2nd period - Slapshot by Andrei Markov.
17:13 of 2nd period - Deflect By Saku Koivu.
17:13 of 2nd period - Goal by Andrei Markov - Sharks : 4 - Nordiques : 2.
17:14 of 2nd period - Mikko Koivu wins face-off versus Saku Koivu in neutral zone.
17:19 of 2nd period - Backhand shot by Saku Koivu.
17:19 of 2nd period - Shot Misses the Net.
19:03 of 2nd period - Georges Laraque is hit by Mike Cammalleri and loses puck.
19:12 of 2nd period - Mike Cammalleri is hit by Mike Fisher and loses puck.
3rd period
0:01 of 3rd period - Saku Koivu wins face-off versus Mikko Koivu in neutral zone.
0:04 of 3rd period - Daniel Sedin is hit by Rene Bourque and loses puck.
0:15 of 3rd period - Snap shot by Mikko Koivu.
0:15 of 3rd period - Shot Blocked by Dany Heatley.
0:27 of 3rd period - Minor Penalty to Stephen Weiss for Holding.
0:27 of 3rd period - Minor Penalty to Joni Pitkanen for Hooking.
0:28 of 3rd period - Dany Heatley wins face-off versus Daniel Sedin in neutral zone.
0:39 of 3rd period - Wrist shot by Saku Koivu.
0:39 of 3rd period - Stopped by Jean-Sébastien Giguère without a rebound.
0:40 of 3rd period - Daniel Sedin wins face-off versus Dany Heatley in Sharks zone.
1:48 of 3rd period - Dany Heatley is hit by Sami Salo and loses puck.
2:19 of 3rd period - Adam Mair is hit by Cory Sarich and loses puck.
2:27 of 3rd period - Penalty to Stephen Weiss is over, Stephen Weiss is back on ice.
2:27 of 3rd period - Penalty to Joni Pitkanen is over, Joni Pitkanen is back on ice.
2:42 of 3rd period - Snap shot by Andrei Markov.
2:42 of 3rd period - Stopped by Roberto Luongo without a rebound.
2:43 of 3rd period - Mike Fisher wins face-off versus Stephen Weiss in Nordiques zone.
2:52 of 3rd period - Snap shot by Alexander Frolov.
2:52 of 3rd period - Stopped by Roberto Luongo without a rebound.
2:53 of 3rd period - Stephen Weiss wins face-off versus Alexander Frolov in Nordiques zone.
3:10 of 3rd period - Snap shot by Brian Gionta.
3:10 of 3rd period - Shot Misses the Net.
3:12 of 3rd period - Wrist shot by Mike Cammalleri.
3:12 of 3rd period - Shot Misses the Net.
3:14 of 3rd period - Wrist shot by Stephen Weiss.
3:14 of 3rd period - Deflect By Brian Gionta.
3:14 of 3rd period - Shot Misses the Net.
3:14 of 3rd period - Puck is out of play.
3:15 of 3rd period - Mikko Koivu wins face-off versus Saku Koivu in Sharks zone.
3:41 of 3rd period - Stephen Weiss is hit by Andrei Markov and loses puck.
3:49 of 3rd period - Minor Penalty to Mike Fisher for Roughing.
3:50 of 3rd period - Saku Koivu wins face-off versus Daniel Sedin in Sharks zone.
3:59 of 3rd period - Snap shot by Dany Heatley.
3:59 of 3rd period - Stopped by Jean-Sébastien Giguère with a rebound.
4:01 of 3rd period - Slapshot by Chris Phillips.
4:01 of 3rd period - Stopped by Jean-Sébastien Giguère without a rebound.
4:02 of 3rd period - Daniel Sedin wins face-off versus Saku Koivu in Sharks zone.
4:27 of 3rd period - Filip Kuba is hit by Stephen Weiss and loses puck.
5:49 of 3rd period - Penalty to Mike Fisher is over, Mike Fisher is back on ice.
6:27 of 3rd period - Slapshot by Dave Scatchard.
6:27 of 3rd period - Shot Misses the Net.
8:07 of 3rd period - Shean Donovan is hit by Mike Cammalleri.
8:59 of 3rd period - Mattias Weinhandl is hit by Andrei Markov and loses puck.
9:04 of 3rd period - Wrist shot by Tomas Fleischmann.
9:04 of 3rd period - Shot Misses the Net.
9:06 of 3rd period - Slapshot by Tomas Fleischmann.
9:06 of 3rd period - Deflect By Shean Donovan.
9:06 of 3rd period - Stopped by Roberto Luongo without a rebound.
9:07 of 3rd period - Mikko Koivu wins face-off versus Stephen Weiss in Nordiques zone.
9:32 of 3rd period - Mikko Koivu is hit by Kris Vernarsky and loses puck.
9:45 of 3rd period - Lubomir Visnovsky is hit by Mikko Koivu and loses puck.
10:28 of 3rd period - Minor Penalty to Cory Sarich for Tripping.
10:29 of 3rd period - Mike Fisher wins face-off versus Dany Heatley in Nordiques zone.
10:40 of 3rd period - Wrist shot by Georges Laraque.
10:40 of 3rd period - Shot Misses the Net.
10:42 of 3rd period - Slapshot by Mike Fisher.
10:42 of 3rd period - Shot Misses the Net.
10:44 of 3rd period - Slapshot by Joni Pitkanen.
10:44 of 3rd period - Stopped by Roberto Luongo with a rebound.
11:53 of 3rd period - Slapshot by Bobby Ryan.
11:53 of 3rd period - Shot Blocked by Karel Pilar.
12:28 of 3rd period - Penalty to Cory Sarich is over, Cory Sarich is back on ice.
12:55 of 3rd period - Bates Battaglia is hit by Nick Schultz and loses puck.
13:12 of 3rd period - Sami Salo is hit by Cory Sarich.
13:21 of 3rd period - Tomas Fleischmann is hit by Matt Pettinger and loses puck.
13:34 of 3rd period - Karel Pilar is hit by Bates Battaglia and loses puck.
13:53 of 3rd period - Snap shot by Kris Vernarsky.
13:53 of 3rd period - Shot Blocked by Andrei Markov.
14:25 of 3rd period - Snap shot by Cory Sarich.
14:25 of 3rd period - Stopped by Jean-Sébastien Giguère without a rebound.
14:26 of 3rd period - Brian Gionta wins face-off versus Adam Mair in Sharks zone.
15:35 of 3rd period - Snap shot by Mattias Weinhandl.
15:35 of 3rd period - Shot Misses the Net.
16:07 of 3rd period - Nick Schultz is hit by Pavol Demitra and loses puck.
16:39 of 3rd period - Wrist shot by Alexander Frolov.
16:39 of 3rd period - Deflect By Georges Laraque.
16:39 of 3rd period - Shot Hit the Post.
16:39 of 3rd period - Puck is out of play.
16:40 of 3rd period - Saku Koivu wins face-off versus Mike Fisher in Nordiques zone.
16:42 of 3rd period - Icing by Rene Bourque.
16:43 of 3rd period - Alexander Frolov wins face-off versus Saku Koivu in Nordiques zone.
17:26 of 3rd period - Stephen Weiss is hit by Bates Battaglia and loses puck.
18:00 of 3rd period - Backhand shot by Johnny Oduya.
18:00 of 3rd period - Shot Blocked by Saku Koivu.
18:02 of 3rd period - Slapshot by Johnny Oduya.
18:02 of 3rd period - Deflect By Mikko Koivu.
18:02 of 3rd period - Shot Blocked by Rene Bourque.
18:02 of 3rd period - Puck is out of play.
18:03 of 3rd period - Mikko Koivu wins face-off versus Kris Vernarsky in Nordiques zone.
18:30 of 3rd period - Wrist shot by Adam Mair.
18:30 of 3rd period - Shot Misses the Net.
18:32 of 3rd period - Snap shot by Bobby Ryan.
18:32 of 3rd period - Shot Misses the Net.
18:34 of 3rd period - Wrist shot by Adam Mair.
18:34 of 3rd period - Shot Blocked by Chris Phillips.
18:36 of 3rd period - Backhand shot by David Hale.
18:36 of 3rd period - Deflect By Adam Mair.
18:36 of 3rd period - Shot Hit the Post.
18:36 of 3rd period - Puck is out of play.
18:37 of 3rd period - Kris Vernarsky wins face-off versus Mikko Koivu in Nordiques zone.
18:48 of 3rd period - Snap shot by Valeri Bure.
18:48 of 3rd period - Stopped by Jean-Sébastien Giguère without a rebound.
18:49 of 3rd period - Adam Mair wins face-off versus Kris Vernarsky in Sharks zone.
Output by the SimonT Hockey Simulator (STHS) for François Prévost -- Original Page W3C XHTML 1.0 Valid